 Dungeon Crawl Stone Soup version 0.29-a0-577-gafbf2c5d25 (webtiles) character file.

Game seed: 18193372992299702241

31 DocClef the Sneak (level 3, -1/31 HPs)
             Began as a Draconian Delver on June 13, 2022.
             Killed from afar by an orc wizard (3 damage)
             ... with a magic dart
             ... on level 5 of the Dungeon.
             The game lasted 00:00:08 (52 turns).

DocClef the Sneak (Draconian Delver)                  Turns: 52, Time: 00:00:09

Health: -1/31      AC:  5    Str: 14    XL:     3   Next: 7%
Magic:  3/3        EV: 12    Int: 10    God:
Gold:   0          SH:  0    Dex: 14    Spells: 2/2 levels left

rFire   . . .      SeeInvis .   a - +0 short sword
rCold   . . .      Faith    .   (no shield)
rNeg    . . .      Spirit   .   (body armour unavailable)
rPois   .          Reflect  .   (helmet restricted)
rElec   .          Harm     .   (no cloak)
rCorr   .          Rampage  .   (no gloves)
Will    .....                   (no boots)
Stlth   +.........              (no amulet)
HPRegen 0.10/turn               (no ring)
MPRegen 0.08/turn               (no ring)

@: confused
A: AC +5, unfitting armour, cold-blooded
a: no special abilities


You were on level 5 of the Dungeon.
You visited 1 branch of the dungeon, and saw 1 of its levels.

Inventory:

Hand Weapons
 a - a +0 short sword (weapon)
Wands
 f - a wand of digging (3)
Scrolls
 b - a scroll of fog
 c - a scroll of magic mapping
 d - a scroll of fear
Potions
 e - a potion of haste


   Skills:
 + Level 3.5 Fighting
 + Level 2.0 Short Blades
 + Level 1.8 Dodging
 + Level 5.2 Stealth


You had 2 spell levels left.
You didn't know any spells.
Your spell library was empty.

Dungeon Overview and Level Annotations

Branches:
Dungeon (5/15)
 Temple: D:4-7

Altars:
Wu Jian


Innate Abilities, Weirdness & Mutations

Your plain brown scales are hard. (AC +5)
You cannot fit into any form of body armour.
You are cold-blooded and may be slowed by cold attacks.


Message History

The orc wizard flickers and vanishes!
Deactivating autopickup; reactivate with Ctrl-A.
You're too confused to move!
The orc hits you with a +0 hand axe.
You bump into the rock wall.
The orc closely misses you.
You bump into the rock wall.
You hear some strange, mumbled words.
A puff of flame appears from out of thin air!
The puff of flame hits you. The orc misses you.
The orc hits you with a +0 hand axe.
You feel less confused. The orc barely misses you.
The orc attacks as you move away! The orc barely misses you.
The orc attacks as you move away! The orc hits you with a +0 hand axe.
* * * LOW HITPOINT WARNING * * *
You hit the orc but do no damage. You tail-slap the orc.
The orc is heavily wounded.
The orc closely misses you.
You barely miss the orc.
Your tail-slap misses the orc.
The orc is heavily wounded.
The orc misses you.
You barely miss the orc.
The orc is heavily wounded.
The orc closely misses you.
You hit the orc but do no damage.
The orc is heavily wounded.
You barely miss something. You closely miss something.
Your punch misses something.
You hear some strange, mumbled words.
You are confused.
You barely miss something.
Your tail-slap misses something.
You hear some strange, mumbled words.
A magic dart appears from out of thin air!
The magic dart hits you.
* * * LOW HITPOINT WARNING * * *
You bump into the rock wall.
Something hits you but does no damage.
You hit something.
You hear some strange, mumbled words.
A magic dart appears from out of thin air!
The magic dart hits you.
You die...

#################
+..+.........#..#
#..#.........#..#
#..##..##....+..+
#..##..##....#..#
#..##...#....#oo#
##......##.†.###{#
#.......##...###@##
#...##+###........#
##..##..##........#
##......##....#####
........##....#
..≈.8.≈........
#.≈...≈.........
#.≈≈.≈≈.##....##
..≈≈.≈≈.##....#


You could see 2 orcs.

Vanquished Creatures
  A hound (D:5)
1 creature vanquished.

Notes
Turn   | Place    | Note
-------+----------+-------------------------------------------
     0 | D:5      | DocClef the Draconian Delver began the quest for the Orb.
     0 | D:5      | Reached XP level 1. HP: 19/19 MP: 1/1
    17 | D:5      | Noticed a hound
    27 | D:5      | Killed a hound
    28 | D:5      | Reached skill level 5 in Stealth
    28 | D:5      | Reached XP level 2. HP: 26/26 MP: 2/2
    28 | D:5      | Reached XP level 3. HP: 31/31 MP: 3/3
    52 | D:5      | Killed from afar by an orc wizard

Illustrated notes

Levels and vault maps discovered:
D:5:      layout_gridville, mainiacjoe_overflow_catwalk,
          ebering_ghost_disaster_area

Skill      XL: |  1 |
---------------+----+-----
Stealth        | 5 |  5.2
Fighting       | |  3.5
Short Blades   | |  2.0
Dodging        | |  1.8

Action                   || total
-------------------------++-------
Melee: Short sword       ||    16
       Tailslap          ||     2
Armor: Skin              ||     2
Dodge: Dodged            ||    18

Table legend: (Time is in decaauts)
 A = Elapsed time spent in this place.
 B = Non-inter-level travel time spent in this place.
 C = Inter-level travel time spent in this place.
 D = Time resting spent in this place.
 E = Time spent auto-exploring this place.
 F = Levels seen in this place.
 G = Mean time per level.
                   A        B        C        D        E       F      G
               +--------+--------+--------+--------+--------+-----+--------+
         Total |     52 |     52 |      0 |      0 |     22 |   1 |   52.0 |
       Dungeon |     52 |     52 |      0 |      0 |     22 |   1 |   52.0 |
               +--------+--------+--------+--------+--------+-----+--------+

Top non-repeatable levels by time:
     D:5: 52 daAuts
